 Dungeon Crawl Stone Soup version 0.21-a0-528-gf531e82 (webtiles) character file.

57 slep the Chopper (level 3, -2/28 HPs)
             Began as a Demonspawn Gladiator on Dec 9, 2017.
             Slain by a leopard gecko (4 damage)
             ... on level 2 of the Dungeon.
             The game lasted 00:03:58 (858 turns).

slep the Chopper (Demonspawn Gladiator)              Turns: 858, Time: 00:03:59

Health: -2/28      AC:  6    Str: 15    XL:     3   Next: 73%
Magic:  3/3        EV: 13    Int:  9    God:
Gold:   68         SH:  0    Dex: 14    Spells: 2/2 levels left

rFire    . . .     SeeInvis .   a - +0 war axe
rCold    . . .     Gourm    .   (no shield)
rNeg     . . .     Faith    .   b - +0 leather armour
rPois    .         Spirit   .   c - +0 helmet
rElec    .         Reflect  .   (no cloak)
rCorr    .         Harm     .   (no gloves)
MR       .....                  (no boots)
Stlth    +.........             (no amulet)
HPRegen  0.09/turn              (no ring)
MPRegen  0.08/turn              (no ring)

@: no status effects
A: yellow scales 1
a: no special abilities


You were on level 2 of the Dungeon.
You were not hungry.

You visited 1 branch of the dungeon, and saw 2 of its levels.

You collected 68 gold pieces.

Inventory:

Hand Weapons
 a - a +0 war axe (weapon)
Missiles
 d - 3 throwing nets (quivered)
Armour
 b - a +0 leather armour (worn)
 c - a +0 helmet (worn)
Scrolls
 e - a scroll of blinking {unknown}
 i - a scroll of identify {unknown}
Potions
 g - a potion of lignification {unknown}
 j - a potion of flight {unknown}
Comestibles
 f - a bread ration
 h - a royal jelly
 k - 2 meat rations


   Skills:
 + Level 2.4 Fighting
 + Level 3.4 Axes
 + Level 1.9 Throwing
 + Level 0.2 Armour
 + Level 3.2 Dodging
 + Level 0.2 Stealth


You had 2 spell levels left.
You didn't know any spells.

Dungeon Overview and Level Annotations

Branches:
Dungeon (2/15)

Altars:


Innate Abilities, Weirdness & Mutations

You are partially covered in yellow scales. (AC +2)


Message History

You closely miss the bat. The bat barely misses you.
The bat closely misses you.
A frilled lizard comes into view.
The frilled lizard hisses angrily.
You slash the bat!
You kill the bat!
The leopard gecko bites you but does no damage.
You miss the leopard gecko. The leopard gecko misses you.
The leopard gecko barely misses you.
You closely miss the leopard gecko. The leopard gecko bites you.
* * * LOW HITPOINT WARNING * * *
You hit the leopard gecko but do no damage.
The leopard gecko bites you but does no damage.
The leopard gecko barely misses you.
You closely miss the leopard gecko.
The leopard gecko bites you but does no damage.
The leopard gecko bites you.
* * * LOW HITPOINT WARNING * * *
You completely miss the leopard gecko. The leopard gecko bites you.
You die...

#+# #.######
#.#...... #####
...#######.##.###.#
#....
.....lsl@......##.#
#....
#.....####.##...#.#
#.... #....
#.##.#.#.# #....
#... #.##.#...#
#.... #..
####.##.##..###....
+.
+.............'.>..
#
##########..###....
#..# #.... #..#
#....


You could see a leopard gecko, a giant cockroach and a frilled lizard.

Vanquished Creatures
  An ooze (D:1)
  A worm (D:2)
  2 dart slugs (D:1)
  2 leopard geckos
  5 orcs (D:2)
  2 giant cockroaches (D:1)
  3 goblins (D:1)
  2 quokkas (D:2)
  6 bats
  3 frilled lizards
  8 kobolds (D:1)
  6 rats
41 creatures vanquished.

Vanquished Creatures (others)
  2 plants (D:1)
2 creatures vanquished.

Grand Total: 43 creatures vanquished

Notes
Turn   | Place    | Note
-------+----------+-------------------------------------------
     0 | D:1      | slep the Demonspawn Gladiator began the quest for the Orb.
     0 | D:1      | Reached XP level 1. HP: 16/16 MP: 1/1
    59 | D:1      | Gained mutation: You are partially covered in yellow scales. (AC +2) [demonic ancestry]
    59 | D:1      | Reached XP level 2. HP: 22/22 MP: 2/2
   314 | D:1      | Reached XP level 3. HP: 19/27 MP: 3/3
   857 | D:2      | HP: 1/28 [leopard gecko (2)]
   858 | D:2      | Slain by a leopard gecko

Vault maps used:
D:1:      tarquinn_simple_flora_water_e, lexackson_kobold_supper

Skill      XL: |  1  2 |
---------------+-------+-----
Axes           | 3 |  3.4
Dodging        | 3 |  3.2
Fighting       | |  2.4
Throwing       | |  1.9
Armour         | |  0.2
Stealth        | |  0.2

Action                   || total
-------------------------++-------
Melee: War axe           ||   126
 Stab: Sleeping          ||     2
Armor: Leather armour    ||    64
Dodge: Dodged            ||    87

Table legend:
 A = Spawn XP
 B = Non-spawn XP
 C = Spawn XP percentage of total XP
 D = Spawn monster count
 E = Non-spawn monster count
 F = Spawn count percentage of total count
 G = Total turns spent on level
                    A         B        C        D         E        F      G
               +---------+---------+-------+---------+---------+-------+---------
         Total |       0 |      82 |   0.0 |       0 |      41 |   0.0 |   858
               +---------+---------+-------+---------+---------+-------+---------
           D:1 |       0 |      51 |   0.0 |       0 |      29 |   0.0 |   718
           D:2 |       0 |      31 |   0.0 |       0 |      12 |   0.0 |   140
               +---------+---------+-------+---------+---------+-------+---------
